 Dungeon Crawl Stone Soup version 0.30-a0-782-ge64f9170bb (webtiles) character file.

Game seed: 450935786889178693

1994 NotreDorf the Thaumaturge (level 9, -1/58 HPs)
             Began as a Mummy Hedge Wizard on Feb 18, 2023.
             Was a Follower of Vehumet.
             Killed from afar by a gargoyle (13 damage)
             ... with a stone arrow
             ... on level 8 of the Dungeon.
             The game lasted 00:27:34 (6390 turns).

NotreDorf the Thaumaturge (Mummy Hedge Wizard)      Turns: 6390, Time: 00:27:34

Health: -1/58      AC:  4    Str: 13    XL:     9   Next: 1%
Magic:  21/21      EV: 12    Int: 23    God:    Vehumet [*.....]
Gold:   361        SH:  0    Dex: 12    Spells: 1/25 levels left

rFire   x . .      SeeInvis .    l - +8 dagger of the Unkillable {spect, rN+}
rCold   + . .      Faith    +    (no shield)
rNeg    + + +      Spirit   .    b - +0 robe
rPois   ∞          Reflect  .    c - +0 hat
rElec   .          Harm     .    (no cloak)
rCorr   .          Rampage  .    A - +1 pair of gloves
Will    ++...                    (no boots)
Stlth   ++                       u - amulet of regeneration
HPRegen 1.09/turn                o - +6 ring of intelligence
MPRegen 0.17/turn                p - ring of willpower

@: no status effects
A: cold resistance 1, negative energy resistance 3, torment resistance 2, heat
vulnerability 1, in touch with death 1, no potions, faith
a: Renounce Religion


You were on level 8 of the Dungeon.
You worshipped Vehumet.
Vehumet was aware of your devotion.
You visited 2 branches of the dungeon, and saw 9 of its levels.

You collected 361 gold pieces.

Inventory:

Hand Weapons
 l - the +8 dagger of the Unkillable (weapon) {spect, rN+}
   (You found it on level 3 of the Dungeon)

   rN:        It protects you from negative energy.
Missiles
 h - a throwing net
 v - 11 poisoned darts (quivered)
Armour
 b - a +0 robe (worn)
 c - a +0 hat (worn)
 A - a +1 pair of gloves (worn)
Magical Staves
 g - a staff of earth
 k - a staff of poison
 s - a staff of fire
Jewellery
 o - a +6 ring of intelligence (left hand)
 p - a ring of willpower (right hand)
 u - an amulet of regeneration (around neck)
Wands
 w - a wand of paralysis (7)
Scrolls
 a - a scroll of enchant armour
 d - a scroll of magic mapping
 e - a scroll of torment
 f - a scroll of fog
 j - a scroll of fear
 m - a scroll of noise
 n - a scroll of silence
 q - a scroll of poison
 z - a scroll of teleportation


   Skills:
 + Level 0.5 Fighting
 - Level 1.5 Dodging
 - Level 1.5 Stealth
 + Level 8.6 Spellcasting
 - Level 3.1 Conjurations
 - Level 1.3 Summonings
 - Level 1.2 Translocations
 + Level 5.0 Air Magic
 + Level 5.0 Poison Magic


You had one spell level left.
You knew the following spells:

 Your Spells              Type           Power      Damage    Failure   Level
a - Magic Dart            Conj           96%        1d7       1%          1
b - Blink                 Tloc           30%        N/A       6%          2
c - Cigotuvi's Dreadful   Necr/Pois/Air  76%        N/A       2%          2
d - Mephitic Cloud        Conj/Pois/Air  30%        N/A       3%          3
e - Vhi's Electric Charg  Tloc/Air       48%        N/A       5%          3
f - Arcjolt               Conj/Air       14%        1d24      32%         5
g - Maxwell's Capacitive  Air            16%        ∞         100%        8

Your spell library contained the following spells:

 Spells                   Type           Power      Damage    Failure   Level
 Freeze                   Ice            36%        1d5       7%          1
 Slow                     Hex            36%        N/A       7%          1
 Call Imp                 Summ           15%        N/A       6%          2


Dungeon Overview and Level Annotations

Branches:
Dungeon (8/15)             Temple (1/1) D:5
   Lair: D:8-11

Altars:
Cheibriados
Gozag
Makhleb
Nemelex Xobeh
Qazlal
Ru
Sif Muna
Vehumet
Wu Jian
Xom
Yredelemnul

Shops:
D:4 [

Annotations:
D:2 Sigmund


Innate Abilities, Weirdness & Mutations

You are immune to poison.
Your flesh is cold resistant. (rC+)
You are immune to negative energy. (rN+++)
You are immune to unholy pain and torment.
You are vulnerable to heat. (rF-)
You are in touch with the powers of death.
You do not drink.
You have a special connection with the divine. (Faith)


Message History

Aiming: Magic Dart (safe; 1% risk of failure)
Press: ? - help, Shift-Dir - straight line, f - gargoyle
Aim: a gargoyle, wielding a +0 mace (dormant, 100% to hit)
The magic dart hits the gargoyle.
The gargoyle is lightly damaged.
You start resting.
A gargoyle is nearby!
A killer bee comes into view.
The gargoyle hurls a stone arrow at you.
The stone arrow hits you!
The killer bee buzzes angrily.
The gargoyle barely misses you.
You hit the gargoyle.
The gargoyle is moderately damaged.
Your +8 dagger of the Unkillable {spect, rN+} hits the gargoyle but does no damage.
The killer bee stings you but does no damage.
The killer bee stings you.
The gargoyle hurls a stone arrow at you.
The stone arrow hits you!
You hit the gargoyle but do no damage.
The gargoyle is moderately damaged.
Your +8 dagger of the Unkillable {spect, rN+} hits the gargoyle but does no damage.
The killer bee stings you. The killer bee misses you.
The gargoyle barely misses you.
You hit the gargoyle but do no damage.
The gargoyle is moderately damaged.
Your +8 dagger of the Unkillable {spect, rN+} barely misses the gargoyle.
The killer bee stings you. The killer bee barely misses you.
The gargoyle hurls a stone arrow at you.
The stone arrow hits you!!
* * * LOW HITPOINT WARNING * * *
You barely miss the gargoyle.
The gargoyle is moderately damaged.
Your +8 dagger of the Unkillable {spect, rN+} hits the gargoyle but does no damage.
The killer bee stings you.
* * * LOW HITPOINT WARNING * * *
The killer bee completely misses you.
The gargoyle hurls a stone arrow at you.
The stone arrow hits you!
You die...

#. # #.
#...##.
....#.
#.#..#
#.#..#
#.(..# #9..#
# #.@###.#
#..y...#
#.#.########
#...<.......
##.#########
#. #. #. ##


You could see a gargoyle, a killer bee and a friendly +8 dagger of the
Unkillable {spect, rN+} (summoned).

Vanquished Creatures
  Eustachio (D:6)
  3 water moccasins
  A sky beast (D:6)
  An ice beast (D:3)
  A black bear (D:6)
  An ogre (D:6)
  2 centaurs
  A phantom (D:7)
  A kobold brigand (D:7)
  3 necrophages
  3 scorpions
  2 hounds
  4 jellies
  A gnoll bouda (D:7)
  3 iguanas
  7 gnolls (D:7)
  5 adders
  2 shadow imps
  A white imp (D:5)
  3 ufetubi
  6 worms
  3 dart slugs
  6 orcs
  9 ball pythons
  6 endoplasms
  3 giant cockroaches
  3 goblins
  6 hobgoblins
  11 kobolds
  5 quokkas
  5 bats
  A frilled lizard (D:3)
  6 rats
116 creatures vanquished.

Notes
Turn   | Place    | Note
-------+----------+-------------------------------------------
     0 | D:1      | NotreDorf the Mummy Hedge Wizard began the quest for the
                  | Orb.
     0 | D:1      | Reached XP level 1. HP: 13/13 MP: 5/5
    94 | D:1      | Reached skill level 1 in Conjurations
    94 | D:1      | Reached skill level 1 in Summonings
    94 | D:1      | Reached skill level 1 in Translocations
   104 | D:1      | Reached XP level 2. HP: 7/19 MP: 0/7
  1068 | D:1      | Learned a level 2 spell: Blink
  1071 | D:1      | Learned a level 2 spell: Cigotuvi's Dreadful Rot
  1243 | D:2      | Noticed Sigmund
  1316 | D:2      | Gained mutation: You are in touch with the powers of death.
                  | [Mummy growth]
  1316 | D:2      | Reached XP level 3. HP: 24/24 MP: 6/8
  1331 | D:3      | Identified the +8 dagger of the Unkillable {spect, rN+}
  1401 | D:3      | Noticed an ice beast
  1405 | D:3      | Killed an ice beast
  1406 | D:3      | Reached skill level 1 in Air Magic
  1406 | D:3      | Reached skill level 1 in Poison Magic
  1406 | D:3      | Reached XP level 4. HP: 24/30 MP: 8/10
  1456 | D:3      | Reached skill level 5 in Spellcasting
  1464 | D:3      | Reached XP level 5. HP: 35/35 MP: 8/12
  1684 | D:3      | You fall into a shaft and drop 1 floor!
  1747 | D:4      | Noticed a water moccasin
  1754 | D:4      | Killed a water moccasin
  1770 | D:4      | Reached XP level 6. HP: 37/41 MP: 4/14
  2089 | D:4      | Found a sacrificial altar of Ru.
  2127 | D:4      | Found Ochahe's Armour Emporium.
  2889 | D:5      | Entered Level 5 of the Dungeon
  3033 | D:5      | Reached skill level 6 in Spellcasting
  3033 | D:5      | Reached XP level 7. HP: 40/46 MP: 9/16
  3081 | D:5      | Found a staircase to the Ecumenical Temple.
  3105 | Temple   | Entered the Ecumenical Temple
  3182 | Temple   | Became a worshipper of Vehumet
  3311 | D:5      | Identified the +5 ring mail "Wonweisa" {SInv}
  4078 | D:5      | Learned a level 3 spell: Mephitic Cloud
  4483 | D:6      | Reached skill level 7 in Spellcasting
  4483 | D:6      | Reached XP level 8. HP: 33/52 MP: 18/18
  5031 | D:6      | Noticed Eustachio
  5043 | D:6      | Killed Eustachio
  5269 | D:6      | Reached skill level 8 in Spellcasting
  5741 | D:7      | Reached * piety under Vehumet
  5741 | D:7      | Offered knowledge of Freeze by Vehumet.
  6002 | D:7      | Learned a level 3 spell: Vhi's Electric Charge
  6012 | D:7      | Learned a level 5 spell: Arcjolt
  6021 | D:7      | Learned a level 8 spell: Maxwell's Capacitive Coupling
  6064 | D:7      | Reached skill level 5 in Air Magic
  6064 | D:7      | Reached skill level 5 in Poison Magic
  6064 | D:7      | Reached XP level 9. HP: 58/58 MP: 17/21
  6380 | D:8      | Noticed a gargoyle
  6390 | D:8      | Killed from afar by a gargoyle

Illustrated notes

Levels and vault maps discovered:
D:1:      minmay_arrival_shattered_statue, layout_basic,
          minmay_tree_intersection
D:2:      layout_basic, uniq_sigmund
D:3:      layout_rooms, kennysheep_crisscross, minmay_misc_feat_square
D:4:      layout_loops_cross, nicolae_ru_sacrificial_ziggurat, serial_shops,
          shop, serial_bayou_pond_b, minmay_distorted
D:5:      layout_loops_ring, minmay_temple_entry_stoned_glass,
          amcnicky_mini_pool_medium
D:6:      layout_layer_cave, st_stairs_8, uniq_eustachio
D:7:      layout_rooms, hangedman_glass_teeth, kennysheep_cross_room,
          uniq_prince_ribbit1
D:8:      layout_loops_ring, lightli_temple_of_fire,
          mainiacjoe_overflow_six_doors_small, mainiacjoe_overflow_alcove_4,
          hellmonk_lair_entry_icy, dreamdust_princess_bridge,
          minmay_manual_macuahuitl, uniq_erica
Temple:   eino_narrow_crystal_temple

Skill      XL: |  1  2  3  4  5  6  7  8 |
---------------+-------------------------+-----
Conjurations   | 1 2 3 |  3.1
Summonings     | 1 |  1.3
Translocations | 1 |  1.2
Air Magic      | 1 2 3 5 |  5.0
Poison Magic   | 1 2 3 5 |  5.0
Spellcasting   | 5 6 7 8 |  8.6
Fighting       | |  0.5
Dodging        | |  1.5
Stealth        | |  1.5

Action                     |  1- 3 |  4- 6 |  7- 9 || total
---------------------------+-------+-------+-------++-------
  Melee: Dagger            |    32 |    40 |    68 ||   140
         Punch             |     1 |     1 |       ||     2
   Cast: Magic Dart        |    53 |    95 |   104 ||   252
         Cigotuvi's Dreadf |       |       |     3 ||     3
         Mephitic Cloud    |       |       |     7 ||     7
    Use: Scroll            |       |       |    11 ||    11
   Stab: Confused          |       |       |     1 ||     1
 Armour: Robe              |     6 |     1 |     9 ||    16
  Dodge: Dodged            |    17 |     7 |    45 ||    69

Table legend: (Time is in decaauts)
 A = Elapsed time spent in this place.
 B = Non-inter-level travel time spent in this place.
 C = Inter-level travel time spent in this place.
 D = Time resting spent in this place.
 E = Time spent auto-exploring this place.
 F = Levels seen in this place.
 G = Mean time per level.
                   A        B        C        D        E       F      G
               +--------+--------+--------+--------+--------+-----+--------+
         Total |   6389 |   6149 |    240 |    319 |   4663 |   9 |  709.9 |
       Dungeon |   6297 |   6072 |    225 |    319 |   4600 |   8 |  787.1 |
        Temple |     92 |     77 |     15 |      0 |     63 |   1 |   92.0 |
               +--------+--------+--------+--------+--------+-----+--------+

Top non-repeatable levels by time:
     D:6: 1620 daAuts
     D:1: 1138 daAuts
     D:5: 1041 daAuts
     D:4: 990 daAuts
     D:7: 661 daAuts
     D:3: 645 daAuts
     D:2: 187 daAuts
  Temple: 92 daAuts
     D:8: 12 daAuts
